 Dungeon Crawl Stone Soup version 0.31.0-11-ge490571c62 (webtiles) character file.

Game seed: 1603818795502538492

6241 qw the Nimble (level 10, -5/51 HPs)
             Began as a Spriggan Hunter on Feb 4, 2024.
             Incinerated by a deep elf pyromancer (15 damage)
             ... with a pyre arrow
             ... on level 9 of the Dungeon.
             The game lasted 00:00:31 (6319 turns).

qw the Nimble (Spriggan Hunter)                     Turns: 6319, Time: 00:00:32

Health: -5/51      AC: 11    Str:  7    XL:     10   Next: 62%
Magic:  11/11      EV: 30    Int: 11    God:
Gold:   204        SH:  0    Dex: 23    Spells: 9/9 levels left

rFire   . . .        j - +0 orcbow (drain)
rCold   . . .        (shield currently unavailable)
rNeg    . . .        k - +0 steam dragon scales
rPois   .            (helmet restricted)
rElec   .            h - +1 cloak
rCorr   .            (gloves unavailable)
SInv    +            (boots unavailable)
Will    +....        f - amulet of faith
Stlth   +            d - +4 ring of protection
HPRegen 0.28/turn    (no ring)
MPRegen 0.12/turn

%: faith
@: on fire, about to teleport, glowing, very quick
A: very small, no large weapons, unfitting armour, see invisible, speed 3
a: no special abilities


You were on level 9 of the Dungeon.
You visited 2 branches of the dungeon, and saw 10 of its levels.

You collected 414 gold pieces.
You spent 210 gold pieces at shops.


Innate Abilities, Weirdness & Mutations

You are very small and have problems with some larger weapons.
You are too small for most types of armour.
You have supernaturally acute eyesight. (SInv)
You cover ground extremely quickly. (Speed+++)


   Skills:
 - Level 5.0 Fighting
 + Level 12.0 Ranged Weapons
 - Level 1.0 Armour
 - Level 13.0 Dodging
 - Level 1.5 Stealth


You had 9 spell levels left.
You didn't know any spells.
Your spell library was empty.

Inventory:

Hand Weapons
 j - a +0 orcbow of draining (weapon)
Armour
 h - a +1 cloak (worn)
 k - +0 steam dragon scales (worn)
Jewellery
 d - a +4 ring of protection (left hand)
 f - an amulet of faith (around neck)
 g - the amulet "Rureh" {Acrobat rN+ Slay+3}
   (You found it on level 4 of the Dungeon)

   [amulet of the acrobat]

   Acrobat:   It increases your evasion while moving and waiting.
   Slay+3:    It affects your accuracy & damage with ranged weapons and melee
   (+3).
   rN+:       It protects you from negative energy.
 p - a ring of fire
Wands
 b - a wand of roots (16)
 l - a wand of mindburst (4)
 o - a wand of polymorph (4)
 t - a wand of digging (4)
Scrolls
 c - a scroll of identify
 i - a scroll of teleportation
Potions
 a - 2 potions of might
 e - 2 potions of curing
 m - a potion of heal wounds
 q - a potion of cancellation

Dungeon Overview and Level Annotations

Branches:
Dungeon (9/15)             Temple (1/1) D:6
   Lair: D:8-11         Orc: D:9-12

Altars:
Ashenzari
Cheibriados
Dithmenos
Elyvilon
Fedhas
Gozag
Hepliaklqana
Kikubaaqudgha
Makhleb
Nemelex Xobeh
Qazlal
Ru
Sif Muna
Trog
Uskayaw
Vehumet
Wu Jian
Xom
Yredelemnul
Zin
The Shining One

Shops:
D:6 ([*(?


Message History

The arrow closely misses the fire elemental.
The arrow hits the deep elf pyromancer.
The deep elf pyromancer is severely wounded.
The fire elemental barely misses you.
You shoot an arrow. The arrow hits the fire elemental.
The fire elemental is heavily damaged.
The fire elemental misses you.
You shoot an arrow.
The arrow hits the fire elemental but does no damage.
The fire elemental is heavily damaged.
The fire elemental misses you.
The deep elf pyromancer mumbles some strange words.
The deep elf pyromancer blinks!
The fire elemental completely misses you.
You shoot an arrow.
The arrow hits the fire elemental but does no damage.
The fire elemental is heavily damaged.
The fire elemental closely misses you.
You shoot an arrow. The arrow hits the fire elemental!
The fire elemental is severely damaged.
The fire elemental closely misses you.
The deep elf pyromancer casts a spell at you.
The pyre arrow hits you.
You are covered in intense liquid fire!
You shoot an arrow. The arrow hits the fire elemental.
The fire elemental is almost destroyed.
The liquid fire burns you! The fire elemental hits you.
The fire elemental burns you!
You shoot an arrow. The arrow hits the fire elemental!
You destroy the fire elemental!
The fire elemental disappears in a puff of smoke!
The liquid fire burns you!
The deep elf pyromancer points at you and mumbles some strange words.
The pyre arrow hits you.
You are even more covered in intense liquid fire!
6319 ||| READING 2 scrolls of teleportation.
As you read the scroll of teleportation, it crumbles to dust.
You feel strangely unstable. The liquid fire burns you!
You die...

########### #.).....#..
# .#.#.#.#.#.#.# ...
..............
.....############'######
.....ยค.@e...# #.......#
.#######....###.......##
#................
#................
#................
#................
#................
####............)...
....................


You could see a deep elf pyromancer.

Vanquished Creatures
  A boulder beetle (D:9)
  Pikel (D:6)
  A troll (D:9)
  9 yaks
  Menkaure (D:4)
  A steam dragon (D:6)
  4 black bears
  4 ice beasts
  An ogre (D:5)
  2 centaurs
  A boggart (D:9)
  3 phantoms
  An elf zombie (D:5)
  A kobold brigand (D:8)
  5 bullfrogs
  4 scorpions
  3 elf skeletons (D:5)
  A wight (D:9)
  8 killer bees
  A howler monkey (D:9)
  4 jellies
  2 bombardier beetles
  A hound (D:6)
  5 orc priests
  3 iguanas
  2 sleepcaps
  Ijyb (D:3)
  6 orc wizards
  8 adders
  A shadow imp (D:5)
  A white imp (D:5)
  4 ufetubi
  5 dart slugs
  A ribbon worm (D:2)
  25 orcs
  3 endoplasms
  3 giant cockroaches
  5 goblins
  4 hobgoblins
  3 quokkas
  11 ball pythons
  8 bats
  4 frilled lizards
  5 kobolds (D:8)
  2 orc skeletons (D:5)
  9 rats
179 creatures vanquished.

Notes
Turn   | Place    | Note
-------+----------+-------------------------------------------
     0 | D:1      | qw the Spriggan Hunter began the quest for the Orb.
     0 | D:1      | Reached XP level 1. HP: 10/10 MP: 2/2
     0 | D:1      | 0 ||| qw: Version: 0.3-a-160-g6735b56
     0 | D:1      | 0 ||| qw: Game counter: 5416
     0 | D:1      | 0 ||| qw: Melee chars always use a shield: true
     0 | D:1      | 0 ||| qw: God list: Okawaru
     0 | D:1      | 0 ||| qw: Allow faded altars: false
     0 | D:1      | 0 ||| qw: Do Orc after clearing Dungeon:15 true
     0 | D:1      | 0 ||| qw: Do second Lair branch before Depths: true
     0 | D:1      | 0 ||| qw: Lair rune preference: random
     0 | D:1      | 0 ||| qw: Goals: Normal
     0 | D:1      | 0 ||| PLANNING D:1-11
    47 | D:1      | Reached skill level 3 in Dodging
   173 | D:1      | Reached XP level 2. HP: 14/14 MP: 3/3
   192 | D:1      | Reached skill level 4 in Dodging
   571 | D:1      | 571 ||| UPGRADING to +0 cloak.
   576 | D:1      | 576 ||| UPGRADING to +4 ring of protection.
   577 | D:1      | 577 ||| READING 2 scrolls labelled JOPROS HEADDOA.
   577 | D:1      | 577 ||| IDENTIFYING fuming coppery potion
   578 | D:1      | 578 ||| READING scroll of identify.
   578 | D:1      | 578 ||| IDENTIFYING dark potion
   579 | D:1      | 579 ||| READING scroll labelled ZUTSOX XADGH.
   579 | D:1      | 579 ||| ENCHANTING +0 shortbow.
   580 | D:1      | 580 ||| DROPPING scroll of butterflies.
   581 | D:1      | 581 ||| DROPPING potion of lignification.
   636 | D:2      | Found a faded altar of an unknown god.
   649 | D:2      | Reached XP level 3. HP: 18/18 MP: 4/4
   657 | D:2      | 657 ||| FLEEEEING.
   658 | D:2      | 658 ||| FLEEEEING.
   671 | D:2      | 671 ||| DRINKING potion of curing.
   671 | D:2      | 671 ||| (to cure confusion)
   678 | D:2      | Reached XP level 4. HP: 22/22 MP: 5/5
  1094 | D:2      | 1094 ||| READING scroll of identify.
  1094 | D:2      | 1094 ||| IDENTIFYING metallic amethyst potion
  1095 | D:2      | 1095 ||| READING scroll labelled FUAMAN TOMA.
  1096 | D:2      | 1096 ||| DROPPING potion of berserk rage.
  1131 | D:3      | Noticed Ijyb
  1140 | D:3      | Killed Ijyb
  1141 | D:3      | Reached skill level 5 in Dodging
  1141 | D:3      | Reached XP level 5. HP: 25/25 MP: 6/6
  1651 | D:3      | 1651 ||| DROPPING amulet of magic regeneration.
  1652 | D:3      | 1652 ||| READING 4 scrolls of identify.
  1652 | D:3      | 1652 ||| IDENTIFYING metallic emerald potion
  1653 | D:3      | 1653 ||| READING 3 scrolls of identify.
  1653 | D:3      | 1653 ||| IDENTIFYING scroll labelled UCURGH EGIAMY
  1654 | D:3      | 1654 ||| READING 2 scrolls of identify.
  1654 | D:3      | 1654 ||| IDENTIFYING scroll labelled KEONAX RUYXZA
  1655 | D:3      | 1655 ||| DROPPING potion of invisibility.
  1656 | D:3      | 1656 ||| DROPPING scroll of noise.
  1726 | D:4      | Noticed Menkaure
  1727 | D:4      | 1727 ||| ZAPPING wand of mindburst (15) at -1,7 (Menkaure;
                  | floor).
  1728 | D:4      | 1728 ||| ZAPPING wand of mindburst (14) at 0,6 (Menkaure;
                  | floor).
  1729 | D:4      | 1729 ||| ZAPPING wand of mindburst (13) at 0,5 (Menkaure;
                  | floor).
  1730 | D:4      | 1730 ||| ZAPPING wand of mindburst (12) at 0,5 (Menkaure;
                  | floor).
  1731 | D:4      | 1731 ||| ZAPPING wand of mindburst (11) at 0,4 (Menkaure;
                  | floor).
  1732 | D:4      | 1732 ||| ZAPPING wand of mindburst (10) at 0,4 (Menkaure;
                  | floor).
  1732 | D:4      | Killed Menkaure
  1733 | D:4      | Reached skill level 6 in Ranged Weapons
  1733 | D:4      | Reached XP level 6. HP: 29/30 MP: 7/7
  1825 | D:4      | Reached skill level 6 in Dodging
  1836 | D:4      | Identified the amulet "Rureh" {Acrobat rN+ Slay+3}
  1906 | D:4      | Reached XP level 7. HP: 25/35 MP: 8/8
  2246 | D:4      | Reached skill level 7 in Dodging
  2315 | D:4      | 2315 ||| UPGRADING to amulet "Rureh" {Acrobat rN+ Slay+3}.
  2320 | D:4      | 2320 ||| READING 2 scrolls of identify.
  2320 | D:4      | 2320 ||| IDENTIFYING viscous emerald potion
  2321 | D:4      | 2321 ||| READING scroll of identify.
  2321 | D:4      | 2321 ||| IDENTIFYING scroll labelled ASMANU UCKAO
  2322 | D:4      | 2322 ||| READING scroll of enchant armour.
  2322 | D:4      | 2322 ||| ENCHANTING +0 cloak.
  2323 | D:4      | 2323 ||| READING 2 scrolls labelled OHEADO KUIGY.
  2424 | D:4      | 2424 ||| DROPPING scroll of silence.
  2430 | D:5      | Entered Level 5 of the Dungeon
  2431 | D:5      | 2431 ||| PLANNING OSSUARY
  2473 | D:5      | 2473 ||| FLEEEEING.
  2484 | D:5      | 2484 ||| FLEEEEING.
  2485 | D:5      | 2485 ||| FLEEEEING.
  2486 | D:5      | 2486 ||| FLEEEEING.
  2487 | D:5      | 2487 ||| FLEEEEING.
  2488 | D:5      | 2488 ||| FLEEEEING.
  2489 | D:5      | 2489 ||| FLEEEEING.
  2490 | D:5      | 2490 ||| FLEEEEING.
  2494 | D:5      | 2494 ||| FLEEEEING.
  2495 | D:5      | 2495 ||| FLEEEEING.
  2496 | D:5      | 2496 ||| FLEEEEING.
  2497 | D:5      | 2497 ||| FLEEEEING.
  2498 | D:5      | 2498 ||| FLEEEEING.
  2502 | D:5      | 2502 ||| FLEEEEING.
  2503 | D:5      | 2503 ||| STAIRDANCE
  2577 | D:4      | 2577 ||| UPGRADING to amulet of faith.
  2622 | D:5      | 2622 ||| SWAPPING to +0 orcbow.
  2623 | D:5      | 2623 ||| DROPPING +1 shortbow.
  2701 | D:5      | Found a snail-covered altar of Cheibriados.
  2760 | D:5      | Reached skill level 8 in Dodging
  2766 | D:5      | 2766 ||| FLEEEEING.
  2767 | D:5      | 2767 ||| FLEEEEING.
  2768 | D:5      | 2768 ||| FLEEEEING.
  2780 | D:5      | Reached XP level 8. HP: 22/39 MP: 9/9
  2895 | D:5      | 2895 ||| RETREEEEATING.
  2896 | D:5      | 2896 ||| RETREEEEATING.
  2897 | D:5      | 2897 ||| ZAPPING wand of mindburst (9) at -1,0 (black bear;
                  | floor).
  2898 | D:5      | Reached skill level 3 in Fighting
  2955 | D:5      | Found a hide-covered altar of Uskayaw.
  2961 | D:5      | Found a shimmering blue altar of Sif Muna.
  2966 | D:5      | Found a stormy altar of Qazlal.
  3014 | D:5      | 3014 ||| RETREEEEATING.
  3032 | D:5      | Reached skill level 9 in Ranged Weapons
  3280 | D:5      | Reached skill level 9 in Dodging
  3352 | D:5      | Found a sand-covered staircase.
  3353 | D:5      | 3353 ||| RIP OSSUARY
  3353 | D:5      | 3353 ||| PLANNING D:1-11
  3408 | D:5      | 3408 ||| DROPPING +6 ring of intelligence.
  3409 | D:5      | 3409 ||| READING 2 scrolls of identify.
  3409 | D:5      | 3409 ||| IDENTIFYING blue potion
  3410 | D:5      | 3410 ||| READING scroll of identify.
  3410 | D:5      | 3410 ||| IDENTIFYING scroll labelled DAFED ABRODIEN
  3411 | D:5      | 3411 ||| DROPPING scroll of blinking.
  3443 | D:6      | Found Rimnawet's Magic Scroll Shoppe.
  3446 | D:6      | 3446 ||| BUYING scroll of brand weapon (95 gold).
  3446 | D:6      | Bought a scroll of brand weapon for 95 gold pieces
  3446 | D:6      | 3446 ||| BUYING scroll of brand weapon (95 gold).
  3446 | D:6      | Bought a scroll of brand weapon for 95 gold pieces
  3446 | D:6      | 3446 ||| BUYING scroll of identify (20 gold).
  3446 | D:6      | Bought a scroll of identify for 20 gold pieces
  3446 | D:6      | 3446 ||| READING 2 scrolls of brand weapon.
  3446 | D:6      | 3446 ||| BRANDING +0 orcbow.
  3447 | D:6      | 3447 ||| READING scroll of brand weapon.
  3447 | D:6      | 3447 ||| BRANDING +0 orcbow of flaming.
  3461 | D:6      | Noticed Pikel
  3461 | D:6      | 3461 ||| ZAPPING wand of mindburst (8) at -1,-7 (Pikel;
                  | floor).
  3462 | D:6      | 3462 ||| RETREEEEATING.
  3464 | D:6      | 3464 ||| RETREEEEATING.
  3466 | D:6      | 3466 ||| RETREEEEATING.
  3468 | D:6      | 3468 ||| RETREEEEATING.
  3470 | D:6      | 3470 ||| RETREEEEATING.
  3472 | D:6      | 3472 ||| RETREEEEATING.
  3479 | D:6      | 3479 ||| ZAPPING wand of mindburst (7) at -1,0 (Pikel;
                  | floor).
  3480 | D:6      | 3480 ||| ZAPPING wand of mindburst (6) at -1,0 (Pikel;
                  | floor).
  3481 | D:6      | 3481 ||| ZAPPING wand of mindburst (5) at -1,0 (Pikel;
                  | floor).
  3481 | D:6      | Killed Pikel
  3482 | D:6      | Reached XP level 9. HP: 44/44 MP: 10/10
  3531 | D:6      | Found Wiod Mior's General Store.
  3534 | D:6      | 3534 ||| SHOPLISTING +0 arbalest (49 gold, have 24).
  3534 | D:6      | 3534 ||| SHOPLISTING potion of heal wounds (55 gold, have
                  | 24).
  3534 | D:6      | 3534 ||| SHOPLISTING scroll of teleportation (33 gold, have
                  | 24).
  3598 | D:6      | Found a staircase to the Ecumenical Temple.
  3599 | D:6      | 3599 ||| PLANNING TEMPLE
  3607 | Temple   | Entered the Ecumenical Temple
  3608 | Temple   | 3608 ||| PLANNING D:1-11
  3640 | D:6      | Noticed an animated gold dragon scales
  3643 | D:6      | Found Hupuf's Armour Emporium.
  3646 | D:6      | Noticed an animated shadow dragon scales
  3717 | D:6      | Reached skill level 10 in Dodging
  3729 | D:6      | Found Orchemm's Antique Weapon Shop.
  3745 | D:6      | 3745 ||| FLEEEEING.
  3746 | D:6      | 3746 ||| FLEEEEING.
  3747 | D:6      | 3747 ||| FLEEEEING.
  3748 | D:6      | 3748 ||| FLEEEEING.
  3922 | D:6      | 3922 ||| Stepping ~*~*~tactically~*~*~ (cloud).
  4118 | D:6      | Found Lekk's Weapon Emporium.
  4163 | D:6      | 4163 ||| UPGRADING to +0 steam dragon scales.
  4173 | D:6      | 4173 ||| DROPPING +0 robe.
  4224 | D:7      | Reached skill level 1 in Armour
  4286 | D:7      | 4286 ||| RETREEEEATING.
  4288 | D:7      | 4288 ||| RETREEEEATING.
  4291 | D:7      | Reached skill level 11 in Dodging
  5034 | D:7      | 5034 ||| READING 3 scrolls of identify.
  5034 | D:7      | 5034 ||| IDENTIFYING scroll labelled MAES OXOYJIS
  5035 | D:7      | 5035 ||| DROPPING scroll of poison.
  5101 | D:8      | 5101 ||| RETREEEEATING.
  5116 | D:8      | Reached XP level 10. HP: 45/49 MP: 11/11
  5125 | D:8      | Reached skill level 12 in Dodging
  5707 | D:8      | 5707 ||| RETREEEEATING.
  5741 | D:8      | Reached skill level 12 in Ranged Weapons
  6064 | D:8      | 6064 ||| READING 4 scrolls of identify.
  6064 | D:8      | 6064 ||| IDENTIFYING murky red potion
  6065 | D:8      | 6065 ||| READING 3 scrolls of identify.
  6065 | D:8      | 6065 ||| IDENTIFYING scroll labelled NIKHLO OKIROMOU
  6066 | D:8      | 6066 ||| READING 2 scrolls of identify.
  6066 | D:8      | 6066 ||| IDENTIFYING scroll labelled PUOFAESEMA
  6067 | D:8      | 6067 ||| READING scroll of identify.
  6067 | D:8      | 6067 ||| IDENTIFYING scroll labelled QAJ LAWKESEINI
  6068 | D:8      | 6068 ||| DROPPING scroll of vulnerability.
  6069 | D:8      | 6069 ||| DROPPING scroll of immolation.
  6070 | D:8      | 6070 ||| DROPPING scroll of torment.
  6222 | D:9      | Noticed a boulder beetle
  6246 | D:9      | 6246 ||| RETREEEEATING.
  6247 | D:9      | 6247 ||| RETREEEEATING.
  6248 | D:9      | 6248 ||| RETREEEEATING.
  6283 | D:9      | Killed a boulder beetle
  6284 | D:9      | Reached skill level 13 in Dodging
  6302 | D:9      | Noticed a deep elf pyromancer
  6308 | D:9      | 6308 ||| RETREEEEATING.
  6318 | D:9      | HP: 10/51 [burnt (16)]
  6319 | D:9      | 6319 ||| READING 2 scrolls of teleportation.
  6319 | D:9      | Incinerated by a deep elf pyromancer

Levels and vault maps discovered:
D:1:      onia_arrival_mini_spirals, layout_loops_ring, chequers_mini_garden,
          st_stairs_2, minmay_box_of_dots
D:2:      layout_rooms, nicolae_ecumenical_snake_handling
D:3:      layout_basic, uniq_ijyb
D:4:      layout_basic, uniq_menkaure
D:5:      layout_rooms, mainiacjoe_overflow_alcove_2,
          minmay_overflow_temple_star_quad, nicolae_ossuary_entry_catacombs
D:6:      layout_loops_cross, minmay_temple_entry_stoned_glass, serial_shops,
          nicolae_stop_n_shop_1, kennysheep_mini,
          nicolae_shop_bloodbath_and_beyond, nicolae_shop_behind_doors,
          nicolae_shop_mannequins, uniq_pikel
D:7:      layout_loops_corners, nicolae_underground_beach
D:8:      layout_loops_corners
D:9:      minmay_separated_statues, layout_irregular_city,
          overflow_temple_1_default, erik_lair_orcish_takeover,
          hangedman_minor_gate_pass
Temple:   minmay_crystal_spiral_temple

Skill      XL: |  1  2  3  4  5  6  7  8  9 10 |
---------------+-------------------------------+-----
Dodging        | 3 4 5 6 8 9 11 13 | 13.0
Ranged Weapons | 5 6 7 8 10 11 12 | 12.0
Fighting       | 2 3 4 5 |  5.0
Armour         | 1 |  1.0
Stealth        | |  1.5

Action                     |  1- 3 |  4- 6 |  7- 9 | 10-12 || total
---------------------------+-------+-------+-------+-------++-------
   Fire: Shortbow          |    67 |   164 |    49 |       ||   280
         Orcbow            |       |       |   235 |   181 ||   416
  Evoke: Wand              |       |     6 |     5 |       ||    11
    Use: Scroll            |     3 |     5 |     9 |     5 ||    22
         Potion            |     1 |       |       |       ||     1
 Armour: Robe              |    18 |    12 |    41 |       ||    71
         Steam dragon scal |       |       |     6 |    20 ||    26
  Dodge: Dodged            |    51 |    47 |   144 |   132 ||   374

Table legend:
 A = Non-vault XP
 B = Vault XP
 C = Vault XP percentage of total XP
 D = Non-vault monster count
 E = Vault monster count
 F = Vault count percentage of total count
                 A         B        C        D         E       F
            +---------+---------+-------+---------+---------+-------
      Total |    6317 |    2599 |  29.1 |     155 |      24 |  13.4
            +---------+---------+-------+---------+---------+-------
        D:1 |      18 |       9 |  33.3 |      13 |       6 |  31.6
        D:2 |     110 |      17 |  13.4 |      14 |       4 |  22.2
        D:3 |      85 |      35 |  29.2 |      23 |       1 |   4.2
        D:4 |     472 |     183 |  27.9 |      20 |       1 |   4.8
        D:5 |    1487 |     341 |  18.7 |      20 |       6 |  23.1
        D:6 |    1020 |     617 |  37.7 |      14 |       1 |   6.7
        D:7 |     856 |       0 |   0.0 |      19 |       0 |   0.0
        D:8 |    2269 |       0 |   0.0 |      32 |       0 |   0.0
        D:9 |       0 |    1397 | 100.0 |       0 |       5 | 100.0
            +---------+---------+-------+---------+---------+-------
